 Dungeon Crawl Stone Soup version 0.28-a0-957-g42eb19b844 (webtiles) character file.

Game seed: 6777286260160004486

4 willcat the Charlatan (level 1, -1/12 HPs)
             Began as a Kobold Artificer on Nov 30, 2021.
             Slain by an endoplasm (3 damage)
             ... on level 1 of the Dungeon.
             The game lasted 00:00:40 (437 turns).

willcat the Charlatan (Kobold Artificer)             Turns: 437, Time: 00:00:41

Health: -1/12      AC:  3    Str:  9    XL:     1   Next: 77%
Magic:  1/1        EV: 14    Int: 12    God:
Gold:   0          SH:  0    Dex: 15    Spells: 0/0 levels left

rFire   . . .      SeeInvis .   a - +0 club
rCold   . . .      Faith    .   (shield restricted)
rNeg    . . .      Spirit   .   b - +0 leather armour
rPois   .          Reflect  .   (no helmet)
rElec   .          Harm     .   (no cloak)
rCorr   .          Rampage  .   (no gloves)
Will    .....                   (no boots)
Stlth   +++.......              (no amulet)
HPRegen 0.04/turn               (no ring)
MPRegen 0.07/turn               (no ring)

@: no status effects
A: small, no large weapons, nightstalker 3
a: no special abilities


You were on level 1 of the Dungeon.
You visited 1 branch of the dungeon, and saw 1 of its levels.

Inventory:

Hand Weapons
 a - a +0 club (weapon)
Armour
 b - a +0 leather armour (worn)
Wands
 c - a wand of flame (13) (quivered)
 d - a wand of charming (15)
Scrolls
 f - a scroll of identify {unknown}
Miscellaneous
 e - a piece from Xom's chessboard (15/15)


   Skills:
 - Level 1.1 Fighting
 - Level 1.1 Armour
 + Level 2.7 Dodging
 - Level 1.3 Stealth
 - Level 3.6 Evocations


You couldn't memorise any spells.
You didn't know any spells.
Your spell library was empty.

Dungeon Overview and Level Annotations

Branches:
Dungeon (1/15)

Altars:


Innate Abilities, Weirdness & Mutations

You are small and have problems with some larger weapons.
You are completely attuned to the shadows.


Message History

You see here a frilled lizard skeleton.
You see here a bat skeleton.
A rat comes into view.
Found 5 boomerangs.
A rat is nearby!
A rat is nearby!
A rat is nearby!
The rat bites you.
You closely miss the rat. The rat barely misses you.
You barely miss the rat. The rat bites you.
You hit the rat but do no damage. The rat bites you. The rat misses you.
You are too injured to fight recklessly!
A rat is nearby!
You are too injured to fight recklessly!
A rat is nearby!
You are too injured to fight recklessly!
A rat is nearby!
You are too injured to fight recklessly!
You are too injured to fight recklessly!
A rat is nearby!
Unknown command.
You hit the rat but do no damage. The rat bites you.
You closely miss the rat. The rat barely misses you.
You hit the rat but do no damage. The rat bites you but does no damage.
You hit the rat.
The rat is heavily wounded.
The rat bites you.
* * * LOW HITPOINT WARNING * * *
An endoplasm comes into view.
The rat bites you.
* * * LOW HITPOINT WARNING * * *
The endoplasm quivers.
You hit the rat but do no damage.
The rat is heavily wounded.
The rat bites you but does no damage.
Unknown command.
You hit the rat.
You kill the rat!
The endoplasm hits you.
You die...

#.##.##.######
#.##.##.......
#.##.....#..##
#######.##.#..#.#...
......##......#...#..
.........#####.....##
.#.##.#...#..........
....J.###..#.........
##.#@.# ..#....<....
.(....# .#..........
........ ##.....##
.....###. ..#...#..
.....# #..#.#... .. .
. .


You could see an endoplasm.

Vanquished Creatures
  An endoplasm (D:1)
  A goblin (D:1)
  2 bats (D:1)
  A frilled lizard (D:1)
  A rat (D:1)
6 creatures vanquished.

Notes
Turn   | Place    | Note
-------+----------+-------------------------------------------
     0 | D:1      | willcat the Kobold Artificer began the quest for the Orb.
     0 | D:1      | Reached XP level 1. HP: 12/12 MP: 1/1
   127 | D:1      | Reached skill level 1 in Armour
   437 | D:1      | Slain by an endoplasm

Illustrated notes

Levels and vault maps discovered:
D:1:      scummos_arrival_star, layout_loops_cross,
          shapermc_ecumenical_altar_mp_ritualfount

Skill      XL: |  1 |
---------------+----+-----
Armour         | 1 |  1.1
Fighting       | |  1.1
Dodging        | |  2.7
Stealth        | |  1.3
Evocations     | |  3.6

Action                   || total
-------------------------++-------
Melee: Club              ||    36
Evoke: Wand              ||     2
 Stab: Sleeping          ||     1
Armor: Leather armour    ||    26
Dodge: Dodged            ||    53

Table legend: (Time is in decaauts)
 A = Elapsed time spent in this place.
 B = Non-inter-level travel time spent in this place.
 C = Inter-level travel time spent in this place.
 D = Time resting spent in this place.
 E = Time spent auto-exploring this place.
 F = Levels seen in this place.
 G = Mean time per level.
                   A        B        C        D        E       F      G
               +--------+--------+--------+--------+--------+-----+--------+
         Total |    447 |    447 |      0 |    220 |    119 |   1 |  447.0 |
       Dungeon |    447 |    447 |      0 |    220 |    119 |   1 |  447.0 |
               +--------+--------+--------+--------+--------+-----+--------+

Top non-repeatable levels by time:
     D:1: 447 daAuts
